 Dungeon Crawl Stone Soup version 0.30-a0-54-g2e61a25929 (webtiles) character file.

Game seed: 16168740866175975099

56 jlumianski the Chopper (level 3, -7/27 HPs)
             Began as a Demonspawn Gladiator on Sept 8, 2022.
             Mangled by an orc
             ... wielding a +1 short sword of distortion
              (12 damage)
             ... on level 3 of the Dungeon.
             The game lasted 00:05:35 (1790 turns).

jlumianski the Chopper (Demonspawn Gladiator)       Turns: 1790, Time: 00:05:35

Health: -7/27      AC:  9    Str: 16    XL:     3   Next: 71%
Magic:  3/3        EV: 15    Int:  9    God:
Gold:   104        SH:  0    Dex: 14    Spells: 2/2 levels left

rFire   . . .      SeeInvis .    a - +0 war axe
rCold   . . .      Faith    .    (no shield)
rNeg    . . .      Spirit   .    j - +0 scale mail
rPois   .          Reflect  .    c - +2 helmet
rElec   .          Harm     .    (no cloak)
rCorr   .          Rampage  .    (no gloves)
Will    .....                    (no boots)
Stlth   ..........               (no amulet)
HPRegen 0.09/turn                o - +4 ring of evasion
MPRegen 0.08/turn                (no ring)

@: no status effects
A: demonic guardian 1, sturdy frame 1
a: no special abilities


You were on level 3 of the Dungeon.
You visited 1 branch of the dungeon, and saw 3 of its levels.

You collected 104 gold pieces.

Inventory:

Hand Weapons
 a - a +0 war axe (weapon)
 i - a +0 sling
Missiles
 e - a javelin (quivered)
 g - 46 stones
Armour
 b - a +0 leather armour
 c - a +2 helmet (worn)
 j - a +0 scale mail (worn)
Jewellery
 f - a ring of ice
 o - a +4 ring of evasion (left hand)
Potions
 h - a potion of resistance
 k - a potion of magic {unknown}
 l - a potion of berserk rage {unknown}
 n - a potion of curing {unknown}
 p - a potion of heal wounds


   Skills:
 + Level 2.2 Fighting
 + Level 3.5 Axes
 + Level 2.0 Throwing
 + Level 0.5 Armour
 + Level 3.2 Dodging


You had 2 spell levels left.
You didn't know any spells.
Your spell library was empty.

Dungeon Overview and Level Annotations

Branches:
Dungeon (3/15)

Altars:


Innate Abilities, Weirdness & Mutations

A weak demonic guardian rushes to your aid.
Your movements are slightly less encumbered by armour. (ER -2)


Message History

You kill the endoplasm!
An adder comes into view.
The adder hisses angrily.
You hear a shout!
You closely miss the adder. The adder bites you but does no damage.
The adder bites you.
You are poisoned.
The adder poisons you!
You closely miss the adder.
You feel sick. The adder bites you.
You closely miss the adder.
You feel sick.
The adder bites you but does no damage. x2
You miss the adder.
You feel sick.
You are no longer poisoned.
The adder bites you but does no damage. x2
You barely miss the adder. The adder misses you. The adder closely misses you.
You miss the adder. The adder completely misses you.
You hit the adder.
The adder is heavily wounded.
The adder bites you but does no damage. The adder closely misses you.
You hit the adder.
You kill the adder!
You see here an adder corpse.
An orc comes into view.
It is wielding a +1 short sword of distortion.
The orc shouts!
Throw: 2 throwing nets
Press: ? - help, Q - select action, (/) - cycle Shift-Dir - straight line, f - orc
Aim: an orc, wielding a +1 short sword of distortion and wearing a +0 leather armour (60% to hit)
You throw a throwing net.
The throwing net closely misses the orc.
Throw: throwing net
Press: ? - help, Q - select action, (/) - cycle Shift-Dir - straight line, f/p - orc
Aim: an orc, wielding a +1 short sword of distortion and wearing a +0 leather armour (60% to hit)
You throw a throwing net. The throwing net barely misses the orc.
You hit the orc but do no damage. The orc hits you but does no damage.
Space warps around you!
* * * LOW HITPOINT WARNING * * *
You hit the orc but do no damage.
The orc hits you with a +1 short sword of distortion.
* * * LOW HITPOINT WARNING * * *
A demonic guardian appears!
Space warps horribly around you!
You die...

##.## ##.#.##
##.#.#.##
##.#.#.#.##
##.#.###.#.##
##†#.##
##.#.##
##.#.##
##.#.##
##.#.##
##.#.# #@#.##
##.#. #.#o##
##.# ##.#5.
##.#. ##.#.#.
##.#.#
##.#(##
##.#.## #.##
##.#.## ##
##.#.##
##.#.##
##.#.###


You could see an orc (ally target) and a friendly quasit (summoned).

Vanquished Creatures
  An adder (D:3)
  A worm (D:2)
  A dart slug (D:2)
  An orc (D:3)
  2 ball pythons (D:1)
  6 bats
  2 endoplasms
  A giant cockroach (D:2)
  2 goblins
  3 hobgoblins
  2 quokkas (D:1)
  2 frilled lizards (D:1)
  7 kobolds
  3 rats
34 creatures vanquished.

Vanquished Creatures (collateral kills)
  A worm (D:2)
  2 jackals (D:2)
  A quokka (D:2)
4 creatures vanquished.

Grand Total: 38 creatures vanquished

Notes
Turn   | Place    | Note
-------+----------+-------------------------------------------
     0 | D:1      | jlumianski the Demonspawn Gladiator began the quest for the
                  | Orb.
     0 | D:1      | Reached XP level 1. HP: 16/16 MP: 1/1
    74 | D:1      | Gained mutation: A weak demonic guardian rushes to your
                  | aid. [demonic ancestry]
    74 | D:1      | Reached XP level 2. HP: 6/22 MP: 2/2
  1102 | D:2      | Gained mutation: Your movements are slightly less
                  | encumbered by armour. (ER -2) [demonic ancestry]
  1102 | D:2      | Reached XP level 3. HP: 14/27 MP: 3/3
  1492 | D:2      | Found a faded altar of an unknown god.
  1790 | D:3      | Mangled by an orc

Illustrated notes

Levels and vault maps discovered:
D:1:      lemuel_arrival_muddy, layout_basic
D:2:      layout_rooms, dreamdust_ecumenical_altar_hidden_monk_grotto
D:3:      minmay_inner_zag, layout_loops_corners, serial_undead,
          serial_undead_f, serial_undead_a, serial_undead_e, serial_undead_c,
          serial_undead_d, serial_undead_f

Skill      XL: |  1  2 |
---------------+-------+-----
Dodging        | 3 |  3.2
Axes           | 3 |  3.5
Throwing       | 2 |  2.0
Fighting       | |  2.2
Armour         | |  0.5

Action                   || total
-------------------------++-------
Melee: War axe           ||    87
       Punch             ||     3
 Fire: Sling             ||     5
Throw: Throwing net      ||     5
  Use: Scroll            ||     6
       Potion            ||     2
Armor: Leather armour    ||    30
       Scale mail        ||    12
Dodge: Dodged            ||    63

Table legend: (Time is in decaauts)
 A = Elapsed time spent in this place.
 B = Non-inter-level travel time spent in this place.
 C = Inter-level travel time spent in this place.
 D = Time resting spent in this place.
 E = Time spent auto-exploring this place.
 F = Levels seen in this place.
 G = Mean time per level.
                   A        B        C        D        E       F      G
               +--------+--------+--------+--------+--------+-----+--------+
         Total |   1823 |   1762 |     61 |    214 |    924 |   3 |  607.7 |
       Dungeon |   1823 |   1762 |     61 |    214 |    924 |   3 |  607.7 |
               +--------+--------+--------+--------+--------+-----+--------+

Top non-repeatable levels by time:
     D:1: 975 daAuts
     D:2: 705 daAuts
     D:3: 142 daAuts
